 Dungeon Crawl Stone Soup version 0.31-a0-981-geadf994542 (webtiles) character file.

Game seed: 15116522357132015217

1179 alkemann the Summoner (level 8, -3/33 HPs)
             Began as a Felid Summoner on Oct 31, 2023.
             Killed by divine providence
             ... invoked by an orc priest
              (12 damage)
             ... on level 7 of the Dungeon.
             The game lasted 00:57:23 (6010 turns).

alkemann the Summoner (Felid Summoner)              Turns: 6010, Time: 00:57:24

Health: -3/33      AC:  2    Str:  4    XL:     8   Next: 18%
Magic:  10/14      EV: 18    Int: 18    God:
Gold:   337        SH:  0    Dex: 17    Spells: 7/14 levels left
                                        Lives:  0   Deaths: 3

rFire   . .          .
                       - Unarmed
rCold   . . .        (shield unavailable)
rNeg    . . .        (body armour unavailable)
rPois   .            (helmet unavailable)
rElec   .            (cloak unavailable)
rCorr   .            (gloves unavailable)
SInv    +            (boots unavailable)
Will    +....        (no amulet)
Stlth   +++          j - +4 ring of slaying
HPRegen 0.25/turn    (no ring)
MPRegen 0.14/turn

%: no passive effects
@: quick
A: very small, claws 1, fangs 3, see invisible, speed 1, shaggy fur 2, stealthy
paws, no weapons or thrown items, no armour, multi-lived
a: no special abilities


You were on level 7 of the Dungeon.
You visited 1 branch of the dungeon, and saw 7 of its levels.

You collected 419 gold pieces.
You spent 82 gold pieces at shops.

Inventory:

Jewellery
 j - a +4 ring of slaying (left paw)
 A - an amulet of faith
Wands
 m - a wand of iceblast (3)
 u - a wand of digging (6)
 w - a wand of mindburst (13)
Scrolls
 b - 2 scrolls of immolation
 d - 6 scrolls of identify {unknown}
 e - 3 scrolls of blinking
 f - a scroll of teleportation {unknown}
 k - a scroll of enchant weapon {unknown}
 n - a scroll of enchant armour {unknown}
 p - a scroll of amnesia {unknown}
 s - a scroll of revelation {unknown}
 t - 2 scrolls of noise {unknown}
 x - a scroll of silence {unknown}
 y - a scroll of fog {unknown}
Potions
 a - a potion of magic
 c - a potion of attraction {unknown}
 g - a potion of haste {unknown}
 h - a potion of heal wounds {unknown}
 i - a potion of enlightenment {unknown}
 l - a potion of lignification {unknown}
 o - a potion of resistance {unknown}
 q - 3 potions of invisibility {unknown}
 r - 2 potions of cancellation {unknown}
 v - a potion of mutation {unknown}
 z - a potion of curing


   Skills:
 - Level 2.0 Fighting
 - Level 3.5 Dodging
 - Level 6.0 Stealth
 - Level 2.0 Unarmed Combat
 + Level 3.6 Spellcasting
 - Level 4.0 Hexes
 - Level 8.0 Summonings


You had 7 spell levels left.
You knew the following spells:

 Your Spells              Type           Power      Damage    Failure   Level
a - Summon Small Mammal   Summ           100%       N/A       1%          1
b - Call Canine Familiar  Summ           32%        N/A       1%          3
c - Summon Guardian Gole  Hex/Summ       24%        N/A       4%          3

Your spell library contained the following spells:

 Spells                   Type           Power      Damage    Failure   Level
 Call Imp                 Summ           64%        N/A       1%          2
 Necrotise                Necr           12%        1d4       16%         1
 Summon Lightning Spire   Summ/Air       17%        N/A       30%         4
 Vampiric Draining        Necr           3%         2d6       43%         3
 Olgreb's Toxic Radiance  Pois           3%         N/A       83%         4
 Agony                    Necr           3%         N/A       99%         5
 Discord                  Hex            8%         N/A       100%        8
 Ignition                 Fire           1%         3d3       100%        8


Dungeon Overview and Level Annotations

Branches:
Dungeon (7/15)             Temple (0/1) D:6

Altars:
Ashenzari
Uskayaw

Shops:
D:1 (   D:3 ?   D:4 (

Annotations:
D:3 1 runed translucent door, Crazy Yiuf
D:5 Blork the orc


Innate Abilities, Weirdness & Mutations

You have sharp claws.
You have razor-sharp teeth.
You have supernaturally acute eyesight. (SInv)
You cover ground quickly. (Speed+)
You are covered in thick fur. (AC +2)
Your paws help you pounce on unaware monsters.
You are incapable of wielding weapons or throwing items.
You cannot wear armour.
You gain extra lives every three experience levels.


Message History

The orc priest hits your guardian golem but does no damage.
Your hound barely misses the orc wizard.
Your quokka misses the orc wizard. Something hits your guardian golem.
The orc wizard hits you with a +0 dagger.
* * * LOW HITPOINT WARNING * * *
You closely miss the orc wizard.
The orc wizard is almost dead.
Your hound seems less confused.
Your hound bites the orc wizard.
The orc wizard dies!
The orc priest hits your guardian golem but does no damage.
Something hits your guardian golem but does no damage.
What are your orders? t - Meow!
Orders for allies: a - Attack new target. r - Retreat! s - Stop attacking. g - Guard the area. f - Follow me.
Anything else - Cancel.
Guard this area!
The orc priest hits your guardian golem with a +2 antimagic flail.
You start resting.
An orc priest is nearby!
The orc priest casts a cantrip, but nothing happens.
What are your orders? t - Meow!
Orders for allies: a - Attack new target. r - Retreat! s - Stop attacking. g - Guard the area. f - Follow me.
Anything else - Cancel.
Gang up on whom?
Press: ? - help, Dir - move target, f - orc priest
Aim: an orc priest, wielding a +2 antimagic flail Attack!
The orc priest hits your guardian golem but does no damage.
Your hound bites the orc priest.
The orc priest hits your guardian golem with a +2 antimagic flail.
Your hound barely misses the orc priest.
The orc priest invokes the aid of Beogh against you.
Beogh smites you!
You die...

########............###
...........#'########..
.......<...#...........
...........#...........
...........##########..
########'#......#..##..
#...#......#......
#...#......#......
#@9h#......#......
###o#......#####..
#)####+#.....###
#.....o.#...'.....#
#.....o.#...#.....#
#...o...#...#.....#
#.......#...#.....#
#.......#...#.....#
##..##..#####.....###


You could see an orc priest (ally target), a friendly guardian golem (summoned)
and a friendly hound (summoned, sheltered).

Vanquished Creatures
  A kobold brigand (D:6)
  A bullfrog (D:7)
  4 hounds
  3 orc priests
  4 iguanas
  A sleepcap (D:5)
  2 orc wizards
  Robin (D:3)
  3 dart slugs
  14 orcs
  A ball python (D:2)
  An endoplasm (D:2)
  3 giant cockroaches (D:2)
  13 goblins
  7 hobgoblins
  4 quokkas
  5 bats
  2 frilled lizards
  6 kobolds
  5 rats
81 creatures vanquished.

Vanquished Creatures (collateral kills)
  A black bear (D:6)
  An ogre (D:4)
  2 phantoms
  A scorpion (D:7)
  A jelly (D:4)
  An orc priest (D:7)
  2 orc wizards
  A sleepcap (D:5)
  An adder (D:2)
  13 orcs
  3 ball pythons
  A giant cockroach (D:1)
  2 hobgoblins (D:1)
  A quokka (D:1)
  2 frilled lizards
  3 goblins (D:3)
  5 kobolds
41 creatures vanquished.

Grand Total: 122 creatures vanquished

Notes
Turn   | Place    | Note
-------+----------+-------------------------------------------
     0 | D:1      | alkemann the Felid Summoner began the quest for the Orb.
     0 | D:1      | Reached XP level 1. HP: 7/7 MP: 4/4
   152 | D:1      | Slain by a quokka
   269 | D:1      | Reached XP level 2. HP: 11/11 MP: 4/6
   439 | D:1      | Found Opeun's Antique Weapon Shop.
  1197 | D:2      | Found a faded altar of an unknown god.
  1345 | D:2      | Reached XP level 3. HP: 14/14 MP: 5/7
  1810 | D:3      | Noticed a black bear
  1863 | D:2      | Learned a level 3 spell: Call Canine Familiar
  1887 | D:3      | Reached skill level 1 in Fighting
  1887 | D:3      | Reached XP level 4. HP: 16/19 MP: 5/8
  1888 | D:3      | Noticed Robin
  1893 | D:3      | Killed Robin
  1958 | D:3      | Killed by an exploding bat... ignited by their inner flame
  1969 | D:3      | Found Muliyc Kusy's Magic Scroll Shop.
  1979 | D:3      | Bought a scroll of blinking for 82 gold pieces
  2027 | D:3      | Found a hide-covered altar of Uskayaw.
  2460 | D:3      | Found a runed translucent door.
  2461 | D:3      | Noticed Crazy Yiuf
  2611 | D:4      | Reached skill level 1 in Unarmed Combat
  2723 | D:4      | Reached XP level 5. HP: 21/22 MP: 9/9
  2823 | D:4      | Found Xixzonuf's Antique Weapon Boutique.
  2971 | D:4      | Found a broken altar of Ashenzari.
  3083 | D:4      | Noticed an ogre
  3094 | D:4      | Reached skill level 5 in Summonings
  3125 | D:4      | Killed an ogre
  3126 | D:4      | Gained mutation: You are covered in thick fur. (AC +2)
                  | [Felid growth]
  3126 | D:4      | Reached XP level 6. HP: 26/26 MP: 1/10
  3408 | D:5      | Entered Level 5 of the Dungeon
  3452 | D:5      | Reached skill level 5 in Stealth
  3507 | D:5      | Reached skill level 6 in Summonings
  3730 | D:5      | Reached XP level 7. HP: 23/30 MP: 11/11
  3873 | D:5      | Noticed Blork the orc
  4358 | D:6      | Found a staircase to the Ecumenical Temple.
  4419 | D:6      | Reached skill level 7 in Summonings
  4739 | D:6      | Killed from afar by an electric eel
  5208 | D:6      | Reached skill level 1 in Hexes
  5208 | D:6      | Reached skill level 8 in Summonings
  5372 | D:7      | Reached XP level 8. HP: 16/33 MP: 9/12
  5378 | D:7      | Learned a level 3 spell: Summon Guardian Golem
  6010 | D:7      | Killed from afar by an orc priest

Illustrated notes

Levels and vault maps discovered:
D:1:      denvon_arrival_planthouse, layout_basic, serial_shops,
          nicolae_shop_real_fake_doors, minmay_misc_feat_rugged,
          minmay_misc_feat_iff
D:2:      layout_basic, shapermc_ecumenical_altar_gd, serial_bayou_pond_b
D:3:      layout_rooms, amcnicky_altar_gilded, serial_shops, shop,
          uniq_crazy_yiuf_cottage, uniq_robin
D:4:      layout_basic, cheibrodos_ashenzari_chains, serial_shops,
          nicolae_shop_rolling_square, corexii_hall_statues_l
D:5:      layout_basic, tgw_sif
D:6:      layout_gridville, minmay_temple_entry_from_below_b, serial_bayou,
          serial_bayou_shore_b, serial_bayou_pond_c, serial_bayou_ford_a,
          serial_bayou_shore_b
D:7:      layout_gridville, xom_teletrap_fun

Skill      XL: |  1  2  3  4  5  6  7  8 |
---------------+-------------------------+-----
Stealth        | 3 4 5 6 |  6.0
Dodging        | 3 |  3.5
Fighting       | 1 2 |  2.0
Unarmed Combat | 2 |  2.0
Summonings     | 5 6 8 |  8.0
Hexes          | 3 4 |  4.0
Spellcasting   | 3 |  3.6

Action                     |  1- 3 |  4- 6 |  7- 9 || total
---------------------------+-------+-------+-------++-------
  Melee: Unarmed           |   102 |    74 |    81 ||   257
         Bite              |     8 |    14 |    12 ||    34
         Punch             |     3 |     1 |     3 ||     7
   Cast: Summon Small Mamm |    18 |     3 |    10 ||    31
         Call Canine Famil |     1 |    11 |    15 ||    27
         Summon Guardian G |       |       |     4 ||     4
    Use: Potion            |     1 |     1 |     1 ||     3
         Scroll            |       |     1 |     1 ||     2
   Stab: Sleeping          |     7 |     2 |     3 ||    12
         Distracted        |       |     1 |     2 ||     3
 Armour: Skin              |    31 |    21 |    38 ||    90
  Dodge: Dodged            |    66 |    42 |    64 ||   172

Table legend: (Time is in decaauts)
 A = Elapsed time spent in this place.
 B = Non-inter-level travel time spent in this place.
 C = Inter-level travel time spent in this place.
 D = Time resting spent in this place.
 E = Time spent auto-exploring this place.
 F = Levels seen in this place.
 G = Mean time per level.
                   A        B        C        D        E       F      G
               +--------+--------+--------+--------+--------+-----+--------+
         Total |   5193 |   4923 |    270 |    825 |   2228 |   7 |  741.9 |
       Dungeon |   5193 |   4923 |    270 |    825 |   2228 |   7 |  741.9 |
               +--------+--------+--------+--------+--------+-----+--------+

Top non-repeatable levels by time:
     D:6: 1024 daAuts
     D:1: 992 daAuts
     D:4: 760 daAuts
     D:5: 671 daAuts
     D:3: 601 daAuts
     D:7: 601 daAuts
     D:2: 541 daAuts
